 Dungeon Crawl Stone Soup version 0.16.1-2-g95b8d4c (webtiles) character file.

51 Zapata the Cudgeler (level 4, 0/28 HPs)
             Began as a Kobold Berserker on Mar 24, 2015.
             Was a Believer of Trog.
             Slain by a hobgoblin
             ... wielding a +0 club
              (7 damage)
             ... on level 2 of the Dungeon.
             The game lasted 00:02:23 (1620 turns).

Zapata the Cudgeler (Kobold Berserker)              Turns: 1620, Time: 00:02:24

Health: 0/28       AC:  2    Str: 13    XL:     4   Next: 5%
Magic:  4/4        EV: 15    Int:  5    God:    Trog [**....]
Gold:   54         SH:  0    Dex: 16    Spells: 0 memorised, 3 levels left

rFire  . . .     SeeInvis .     a - +0 mace
rCold  . . .     Clarity  .     b - +0 animal skin
rNeg   . . .     SustAb   .     (no shield)
rPois  .         Gourm    .     (no helmet)
rElec  .         Spirit   .     (no cloak)
rCorr  .         Warding  .     (no gloves)
rMut   .         Stasis   .     (no boots)
MR     .....                    (no amulet)
Stlth  ..........               (no ring)
                                f - ring of loudness (curse)

@: exhausted, slowed, very slow, not resistant to hostile enchantments,
extremely unstealthy
A: blurry vision 1, carnivore 3, spit poison 1, weak 1
a: Spit Poison, Burn Spellbooks, Berserk, Trog's Hand, Renounce Religion


You were on level 2 of the Dungeon.
You worshipped Trog.
Trog was pleased with you.
You were not hungry.

You visited 1 branch of the dungeon, and saw 2 of its levels.

You collected 54 gold pieces.

Inventory:

Hand weapons
 a - a +0 mace (weapon)
Missiles
 h - 24 stones (quivered)
Armour
 b - a +0 animal skin (worn)
Jewellery
 f - a cursed ring of loudness (left hand)
Scrolls
 e - 2 scrolls of enchant armour {unknown}
 j - a scroll of identify {unknown}
 k - a scroll of remove curse {unknown}
 l - a scroll of fear {unknown}
 n - a scroll of immolation {unknown}
Potions
 g - a potion of magic {unknown}
 i - a potion of ambrosia {unknown}
Comestibles
 c - a meat ration
 m - a slice of pizza


   Skills:
 - Level 3.2 Fighting
 + Level 4.6 Maces & Flails
 - Level 1.5 Armour
 - Level 2.4 Dodging


You had 3 spell levels left.
You didn't know any spells.

Dungeon Overview and Level Annotations

Branches:
Dungeon (2/15)

Altars:


Innate Abilities, Weirdness & Mutations

You are small and have problems with some larger weapons.
You are carnivorous and can eat meat at any time.
Scrolls take you a little longer to read.
You can spit poison.
You are weak. (Str -2)


Message History

The jackal closely misses you.
The jackal bites you but does no damage.
The bat closely misses you.
The hobgoblin hits you but does no damage.
You barely miss the bat. The bat hits you but does no damage.
The jackal bites you. The jackal misses you. The jackal bites you.
* * * LOW HITPOINT WARNING * * *
The jackal closely misses you. The hobgoblin completely misses you.
The bat closely misses you. The jackal bites you.
* * * LOW HITPOINT WARNING * * *
The jackal bites you but does no damage.
Huge Dmg: -11%(-3hp) hp: 25%(7hp) Drink which item? (? for menu, Esc to quit)
It was a potion of mutation.
You feel extremely strange.
Your vision blurs.
You feel weaker.
There is a nasty taste in your mouth for a moment.
The bat hits you.
* * * LOW HITPOINT WARNING * * *
The jackal barely misses you. The hobgoblin hits you with a club!
You die...

#....# #. #....#
#.
#..).############
#..............).
##.##############
########'###
#..........###
#......h.....+
#...b.@h...###
######g#'### ...
.. ##... ...
K.... ..? #.....
# #.....# #.....
#.#


You could see 2 jackals, a hobgoblin, a bat and a kobold (wandering).

Vanquished Creatures
  An adder (D:1)
  2 ball pythons (D:1)
  2 goblins (D:1)
  10 hobgoblins
  2 jackals (D:2)
  2 quokkas (D:2)
  6 bats
  5 kobolds
  5 rats (D:1)
35 creatures vanquished.

Notes
Turn   | Place    | Note
--------------------------------------------------------------
     0 | D:1      | Zapata, the Kobold Berserker, began the quest for the Orb.
     0 | D:1      | Reached XP level 1. HP: 14/14 MP: 1/1
   317 | D:1      | Reached XP level 2. HP: 10/19 MP: 2/2
   843 | D:1      | Reached skill level 4 in Maces & Flails
   843 | D:1      | Reached XP level 3. HP: 23/23 MP: 3/3
  1034 | D:1      | Acquired Trog's second power
  1605 | D:2      | Reached XP level 4. HP: 14/28 MP: 4/4
  1620 | D:2      | Gained mutation: Scrolls take you a little longer to read. [potion of mutation]
  1620 | D:2      | Gained mutation: You are weak. (Str -2) [potion of mutation]
  1620 | D:2      | Gained mutation: You can spit poison. [potion of mutation]
  1620 | D:2      | Slain by a hobgoblin

Action                   |  1- 3 |  4- 6 || total
-------------------------+-------+-------++-------
Melee: Mace              |   110 |    13 ||   123
Invok: Berserk           |     4 |     1 ||     5
  Use: Potion            |       |     1 ||     1
  Eat: Chunk             |     8 |       ||     8
